 Dungeon Crawl Stone Soup version 0.27.0-1-g7a089689b8 (webtiles) character file.

Game seed: 1290499118239924742

5742 pkoi the Carver (level 10, -7/88 HPs)
             Began as a Minotaur Gladiator on Aug 9, 2021.
             Was an Initiate of Dithmenos.
             Mangled by an orc warrior (25 damage)
             ... in a bailey.
             The game lasted 00:08:52 (4972 turns).

pkoi the Carver (Minotaur Gladiator)                Turns: 4972, Time: 00:08:52

Health: -7/88      AC:  4    Str: 20    XL:     10   Next: 49%
Magic:  9/9        EV: 22    Int: 11    God:    Dithmenos [......]
Gold:   117        SH:  0    Dex: 23    Spells: 9/9 levels left

rFire    + . .     SeeInvis .   a - +6 great sword "Oshimory" {freeze, *Rage rElec Int+5 Dex+4}
rCold    + . .     Faith    .   (shield currently unavailable)
rNeg     . . .     Spirit   .   z - +0 leather armour
rPois    .         Reflect  .   c - +0 hat
rElec    +         Harm     .   (no cloak)
rCorr    .         Rampage  .   (no gloves)
Will     .....     Rnd*Rage +   (no boots)
Stlth    +.........             m - amulet of regeneration
HPRegen  1.24/turn              e - ring of the Middle {rF+ rC+ Dex+6}
MPRegen  0.11/turn              p - +4 ring of evasion

@: very slow
A: horns 2, retaliatory headbutt
a: Renounce Religion


You were in a bailey.
You worshipped Dithmenos.
Dithmenos was noncommittal.
You visited 2 branches of the dungeon, and saw 8 of its levels.
You also visited: Bailey.

You collected 221 gold pieces.
You spent 104 gold pieces at shops.

Inventory:

Hand Weapons
 a - the +6 great sword "Oshimory" (weapon) {freeze, *Rage rElec Int+5 Dex+4}
   (You acquired it on level 2 of the Dungeon)

   It freezes those it strikes, dealing additional cold damage.
   It can also slow down cold-blooded creatures.
   Int:       It affects your intelligence (+5).
   Dex:       It affects your dexterity (+4).
   rElec:     It insulates you from electricity.
   *Rage:     It may make you go berserk in combat.
 b - the +9 hunting sling of Iconoclasm {flame, Str+7}
   (You found it on level 6 of the Dungeon)

   Any ammunition fired from it burns those it strikes, dealing additional fire
   damage.
   Str:       It affects your strength (+7).
 o - a +1 long sword
Missiles
 d - 4 throwing nets (quivered)
 x - 6 curare-tipped darts
 B - 56 sling bullets
Armour
 c - a +0 hat (worn)
 z - a +0 leather armour (worn)
Jewellery
 e - the ring of the Middle (left hand) {rF+ rC+ Dex+6}
   (You acquired it on level 7 of the Dungeon)

   [ring of protection from cold]

   Dex:       It affects your dexterity (+6).
   rF:        It protects you from fire.
   rC:        It protects you from cold.
 m - an amulet of regeneration (around neck)
 p - a +4 ring of evasion (right hand)
 y - a +6 ring of strength
Wands
 j - a wand of polymorph (5)
Scrolls
 h - 2 scrolls of teleportation
 r - 3 scrolls of identify
 s - a scroll of enchant weapon
Potions
 g - a potion of flight
 i - a potion of lignification
 l - 5 potions of heal wounds
 q - 3 potions of curing
 t - a potion of brilliance


   Skills:
 + Level 8.0 Fighting
 + Level 13.4 Long Blades
 + Level 6.8(7.0) Slings
 - Level 2.0(4.4) Throwing
 + Level 7.4 Armour
 + Level 7.7 Dodging
 + Level 0.2 Invocations


You had 9 spell levels left.
You didn't know any spells.
Your spell library contained the following spells:

 Spells                   Type           Power      Damage    Failure   Level
 Animate Skeleton         Necr           0%         N/A       38%         1
 Apportation              Tloc           0%         N/A       38%         1
 Corona                   Hex            0%         N/A       38%         1
 Summon Small Mammal      Summ           0%         N/A       38%         1


Dungeon Overview and Level Annotations

Branches:
Dungeon (7/15)             Temple (1/1) D:6          Bailey (1/1)

Altars:
Ashenzari
Dithmenos
Fedhas
Gozag
Hepliaklqana
Makhleb
Qazlal
Ru
Sif Muna
Uskayaw
Vehumet
Xom
Zin
The Shining One

Shops:
D:3 [   D:5 !


Innate Abilities, Weirdness & Mutations

You have a pair of horns on your head.
You reflexively headbutt those who attack you in melee.


Message History

You headbutt the orc warrior.
You riposte.
You slice the orc warrior!! You freeze the orc warrior.
You kill the orc warrior!
Dithmenos accepts your kill.
You hear a splash. x3
The orc warrior misses you. You furiously retaliate!
You headbutt the orc warrior.
Unknown command.
Your unstable footing causes you to fumble your attack.
Unknown command.
You slash the orc warrior! You freeze the orc warrior.
The orc warrior is severely wounded.
The orc warrior hits you from afar with a +0 glaive!!
The orc hits you from afar with a +0 spear.
Your unstable footing causes you to fumble your attack.
The orc warrior completely misses you.
The orc warrior hits you with a +0 glaive!
The orc completely misses you.
You slash the orc warrior! You freeze the orc warrior.
You kill the orc warrior!
Dithmenos accepts your kill.
You hear a splash. x3
The orc warrior closely misses you. The orc closely misses you.
Unknown command.
An orc warrior and an orc knight come into view.
The orc warrior shouts!
The orc knight shouts!
The orc knight roars a battlecry!
The orcs go into a battle-frenzy!
The orc warrior misses you. You furiously retaliate!
You headbutt the orc warrior!
You riposte.
You slash the orc warrior! You freeze the orc warrior.
You kill the orc warrior!
Dithmenos accepts your kill.
You hear a splash. x2
The orc warrior hits you from afar with a +0 halberd!!
* * * LOW HITPOINT WARNING * * *
The orc hits you with a +0 spear!
* * * LOW HITPOINT WARNING * * *
The orc warrior hits you from afar with a +0 halberd!!
You die...

.................................
....≈≈≈≈≈≈≈≈≈≈≈≈≈≈≈≈≈≈≈≈≈≈≈≈≈≈≈≈≈
....≈≈#.#≈≈≈≈≈≈≈≈≈≈≈≈≈≈≈≈≈≈≈#.#≈≈
....≈##.##≈≈≈≈≈≈≈≈≈≈≈≈≈≈≈≈≈##.##≈
....≈..^..≈≈≈≈≈≈≈≈≈≈≈≈≈≈≈≈≈..^..≈
....≈##.∩#≈≈≈≈≈≈≈≈≈≈≈≈≈≈≈≈≈#∩.##≈
....≈≈#.#≈≈≈≈≈≈#######≈≈≈≈≈≈#.#≈≈
....≈≈≈≈≈≈)≈≈≈##≈o≈≈##≈≈≈≈)≈≈≈≈≈≈
....≈≈≈≈≈≈≈≈≈##)@)≈≈##≈≈≈≈≈≈≈≈≈≈≈
....≈≈≈≈≈≈≈≈##)≈#'''##≈≈≈≈≈≈≈≈≈≈≈
....≈≈≈≈≈≈≈≈#≈≈##oo∩##≈)##))≈≈≈≈≈
....≈≈≈≈≈≈≈##≈####'####≈##≈≈≈≈≈≈≈
....≈≈≈≈≈≈≈##≈'.# ..#)+≈##≈≈≈≈≈≈≈
....≈≈≈≈≈≈≈##≈### _.###≈##≈≈≈≈≈≈≈
....≈≈≈≈≈≈≈##≈'.# .#.'≈##≈≈≈≈≈≈≈
....≈≈≈≈≈≈≈##≈#########≈##≈≈≈≈≈≈≈
....≈≈≈≈≈≈≈≈#≈)##!#)##≈≈#≈≈≈≈≈≈≈)


You could see an orc knight, an orc warrior (strong) and an orc (strong).

Vanquished Creatures
  Pikel (D:6)
  Sigmund (D:2)
  A water moccasin (D:7)
  12 orc warriors (Bailey)
  An ice beast (D:5)
  A centaur (D:7)
  An ogre (D:5)
  4 scorpions
  A water moccasin zombie (D:5)
  A wyvern skeleton (D:7)
  2 howler monkeys (D:7)
  A centaur zombie (D:3)
  2 bullfrog zombies
  2 jellies
  2 orc priests
  3 hounds
  An iguana (D:4)
  2 orc wizards
  2 hound skeletons (D:4)
  2 adders (D:4)
  An ufetubus (D:7)
  An adder skeleton (D:4)
  3 worms
  A dart slug (D:1)
  18 orcs
  5 bats
  12 endoplasms
  6 giant cockroaches
  9 goblins
  5 hobgoblins
  9 kobolds
  A quokka (D:5)
  5 ball pythons (D:1)
  5 frilled lizards
  6 rats
130 creatures vanquished.

Notes
Turn   | Place    | Note
-------+----------+-------------------------------------------
     0 | D:1      | pkoi the Minotaur Gladiator began the quest for the Orb.
     0 | D:1      | Reached XP level 1. HP: 18/18 MP: 0/0
    45 | D:1      | Reached skill level 4 in Long Blades
   120 | D:1      | Reached XP level 2. HP: 18/25 MP: 1/1
   395 | D:1      | Reached skill level 5 in Long Blades
   519 | D:1      | Reached XP level 3. HP: 26/30 MP: 2/2
  1274 | D:3      | Reached skill level 6 in Long Blades
  1274 | D:3      | Reached XP level 4. HP: 27/37 MP: 3/3
  1364 | D:2      | You fall into a shaft and drop 2 floors!
  1457 | D:3      | Reached XP level 5. HP: 42/42 MP: 4/4
  1529 | D:2      | Reached skill level 7 in Long Blades
  1531 | D:2      | Identified 2 scrolls of acquirement
  1531 | D:2      | Acquired the +6 great sword "Oshimory" {freeze, *Rage rElec
                  | Int+5 Dex+4}
  1672 | D:2      | Noticed Sigmund
  1677 | D:2      | Killed Sigmund
  1678 | D:2      | Reached skill level 8 in Long Blades
  1678 | D:2      | Reached XP level 6. HP: 50/50 MP: 5/5
  1944 | D:3      | Found Kapam's Armour Shop.
  2298 | D:4      | Reached skill level 9 in Long Blades
  2610 | D:5      | Entered Level 5 of the Dungeon
  2610 | D:5      | Found Xuoqur's Distillery.
  2632 | D:5      | Noticed an ice beast
  2636 | D:5      | Killed an ice beast
  2637 | D:5      | Reached XP level 7. HP: 38/56 MP: 6/6
  2640 | D:5      | Bought a potion of curing for 39 gold pieces
  2640 | D:5      | Bought a potion of heal wounds for 65 gold pieces
  2796 | D:5      | Reached skill level 10 in Long Blades
  3023 | D:5      | Reached skill level 11 in Long Blades
  3357 | D:6      | Found a staircase to the Ecumenical Temple.
  3375 | D:6      | Reached XP level 8. HP: 50/62 MP: 7/7
  3389 | Temple   | Entered the Ecumenical Temple
  3629 | Temple   | Became a worshipper of Dithmenos the Shadowed
  3645 | D:6      | Identified the +9 hunting sling of Iconoclasm {flame,
                  | Str+7}
  3706 | D:6      | Noticed Pikel
  3711 | D:6      | Killed Pikel
  4281 | D:7      | Reached skill level 12 in Long Blades
  4297 | D:7      | Acquired the ring of the Middle {rF+ rC+ Dex+6}
  4335 | D:7      | Found a flagged portal.
  4350 | Bailey   | Entered a bailey
  4400 | Bailey   | Reached XP level 9. HP: 58/72 MP: 8/8
  4476 | Bailey   | Reached skill level 5 in Dodging
  4588 | Bailey   | Reached skill level 5 in Fighting
  4951 | Bailey   | Reached skill level 13 in Long Blades
  4951 | Bailey   | Reached XP level 10. HP: 88/88 MP: 9/9
  4972 | Bailey   | Noticed an orc knight
  4972 | Bailey   | Mangled by an orc warrior

Illustrated notes

Levels and vault maps discovered:
D:1:      wander_arrival_fairy_ring, layout_basic, minmay_quantized
D:2:      layout_basic, uniq_sigmund
D:3:      kennysheep_big_flooded_room, layout_rooms, serial_shops,
          nicolae_lakefront_shop
D:4:      layout_cave_pools, serial_bayou_pond_e
D:5:      layout_cave_pools, serial_shops, shop
D:6:      layout_loops_ring, temple_statues, uniq_pikel
D:7:      layout_gridville, serial_shops,
          nicolae_shop_temple_entry_statues_fountains,
          nicolae_shop_behind_doors, shop,
          nicolae_shop_competitors_out_of_business, shop_scrolls, enter_bailey_2
Temple:   eino_temple_water
Bailey:   bailey_polearm_2, bailey

Skill      XL: |  1  2  3  4  5  6  7  8  9 |
---------------+----------------------------+-----
Long Blades    | 4 5 6 8 9 11 12 13 | 13.4
Fighting       | 4 8 |  8.0
Slings         | 3 6 |  6.8
Armour         | 3 7 |  7.4
Dodging        | 4 7 |  7.7
Throwing       | |  2.0
Invocations    | |  0.2

Action                   |  1- 3 |  4- 6 |  7- 9 | 10-12 || total
-------------------------+-------+-------+-------+-------++-------
Melee: Long sword        |    66 |    22 |       |       ||    88
       Headbutt          |    13 |    17 |    21 |       ||    51
       Great sword       |       |    52 |    80 |     7 ||   139
 Fire: Hunting sling     |       |       |    11 |       ||    11
  Use: Scroll            |       |     2 |    15 |       ||    17
       Potion            |       |       |     2 |       ||     2
 Stab: Sleeping          |       |     1 |     1 |       ||     2
Armor: Leather armour    |    18 |    19 |     4 |       ||    41
Dodge: Dodged            |    29 |    50 |   152 |     9 ||   240
       Rpst.: Long sword |     6 |     4 |       |       ||    10
       Great sword       |       |    11 |    26 |     2 ||    39
